 Dungeon Crawl Stone Soup version 0.22-a0-425-g89d60a1 (webtiles) character file.

57 nikopol the Shooter (level 3, -25/29 HPs)
             Began as a Centaur Hunter on May 23, 2018.
             Killed from afar by Ijyb (26 damage)
             ... with a wand of acid (3)
             ... on level 3 of the Dungeon on May 24, 2018.
             The game lasted 00:03:23 (1511 turns).

nikopol the Shooter (Centaur Hunter)                Turns: 1511, Time: 00:03:24

Health: -25/29     AC:  1    Str: 14    XL:     3   Next: 73%
Magic:  3/3        EV:  9    Int: 10    God:
Gold:   79         SH:  0    Dex: 10    Spells: 2/2 levels left

rFire    . . .     SeeInvis .   z - +1 shortbow
rCold    . . .     Gourm    .   (shield currently unavailable)
rNeg     . . .     Faith    .   c - +0 leather armour
rPois    .         Spirit   .   g - +0 helmet
rElec    .         Reflect  .   (no cloak)
rCorr    .         Harm     .   (no gloves)
MR       .....                  (no barding)
Stlth    +.........             (no amulet)
HPRegen  0.09/turn              (no ring)
MPRegen  0.08/turn              (no ring)

@: corroded, very quick
A: large, hooves 3, deformed body, speed 2, tough skin 3
a: no special abilities


You were on level 3 of the Dungeon.
You were hungry.

You visited 1 branch of the dungeon, and saw 3 of its levels.

You collected 79 gold pieces.

Inventory:

Hand Weapons
 a - a +0 short sword
 z - a +1 shortbow (weapon)
Missiles
 d - 22 arrows (quivered)
Armour
 c - a +0 leather armour (worn)
 g - a +0 helmet (worn)
Scrolls
 b - 5 scrolls of identify {unknown}
 e - 4 scrolls of amnesia {unknown}
 j - a scroll of blinking {unknown}
 k - a scroll of remove curse {unknown}
 n - a scroll of teleportation {unknown}
Potions
 h - a potion of curing {unknown}
 i - a potion of berserk rage {unknown}
 l - a potion of agility {unknown}
Comestibles
 f - 4 rations


   Skills:
 + Level 2.3 Fighting
 + Level 7.0 Bows
 + Level 1.4 Dodging
 + Level 0.4 Stealth


You had 2 spell levels left.
You didn't know any spells.
Your spell library was empty.

Dungeon Overview and Level Annotations

Branches:
Dungeon (3/15)

Altars:

Annotations:
D:3 Ijyb


Innate Abilities, Weirdness & Mutations

You have hooves in place of feet.
Armour fits poorly on your strangely shaped body.
You cover ground very quickly.
You have extremely tough skin. (AC +3)


Message History

You shoot an arrow. The arrow hits Ijyb.
Ijyb is moderately wounded.
Firing (i - inventory)
d - 25 arrows (quivered)
Press: ? - help, Shift-Dir - straight line, f/p - Ijyb
Aim: Ijyb, wielding a club, wearing a leather armour and carrying a wand of acid (3) (moderately wounded)
You shoot an arrow. The arrow hits Ijyb.
Ijyb is heavily wounded.
Firing (i - inventory)
d - 24 arrows (quivered)
Press: ? - help, Shift-Dir - straight line, f/p - Ijyb
Aim: Ijyb, wielding a club, wearing a leather armour and carrying a wand of acid (3) (heavily wounded)
You shoot an arrow. The arrow hits Ijyb but does no damage.
Ijyb is heavily wounded.
Ijyb hits you but does no damage.
Firing (i - inventory)
d - 23 arrows (quivered)
Press: ? - help, Shift-Dir - straight line, f/p - Ijyb
Aim: Ijyb, wielding a club, wearing a leather armour and carrying a wand of acid (3) (heavily wounded)
You shoot an arrow. The arrow closely misses Ijyb.
Ijyb zaps a wand.
The bolt of acid hits you!
Ouch! That really hurt!
You die...

.. ##.### ..).. #
#.#.##.## #####....#..
((...(....# #
....((g..# # #.# #@# #
#.# #.# # ##.##### #.#
# #......# ##'## #
#....#.# ##...## #
#.##.#.# ##.....## #
#.##.#.# ##.......#
###.#....###...........
...........'...........


You could see Ijyb.

Vanquished Creatures
  An adder (D:2)
  An ooze (D:1)
  A worm (D:2)
  3 dart slugs (D:1)
  3 giant cockroaches
  5 goblins
  4 hobgoblins
  A quokka (D:2)
  5 bats
  A frilled lizard (D:2)
  6 kobolds
  3 rats (D:1)
34 creatures vanquished.

Notes
Turn   | Place    | Note
-------+----------+-------------------------------------------
     0 | D:1      | nikopol the Centaur Hunter began the quest for the Orb.
     0 | D:1      | Reached XP level 1. HP: 17/17 MP: 1/1
   119 | D:1      | Reached XP level 2. HP: 20/24 MP: 2/2
   160 | D:1      | Reached skill level 6 in Bows
   344 | D:1      | Upgraded the game from 0.22-a0-423-g4197694 to 0.22-a0-425-g89d60a1
   470 | D:1      | Reached XP level 3. HP: 27/29 MP: 3/3
  1179 | D:2      | Reached skill level 7 in Bows
  1393 | D:2      | Found a faded altar of an unknown god.
  1505 | D:3      | Noticed Ijyb
  1505 | D:3      | HP: 1/29 [acid (9)]
  1511 | D:3      | Killed from afar by Ijyb

Vault maps used:
D:1:      co_arrival_random_square_maze
D:2:      first_ration, chequers_ecumenical_altar_simple_redux
D:3:      lemuel_crystal_altar, nicolae_ru_great_annihilating_truth,
          grunt_gozag_breadcrumbs, uniq_ijyb

Skill      XL: |  1  2  3 |
---------------+----------+-----
Bows           | 6 7 |  7.0
Fighting       | |  2.3
Dodging        | |  1.4
Stealth        | |  0.4

Action                   || total
-------------------------++-------
Melee: Short sword       ||    15
 Fire: Shortbow          ||    85
Armor: Leather armour    ||    14
Dodge: Dodged            ||    15

Table legend:
 A = Spawn XP
 B = Non-spawn XP
 C = Spawn XP percentage of total XP
 D = Spawn monster count
 E = Non-spawn monster count
 F = Spawn count percentage of total count
 G = Total turns spent on level
                    A         B        C        D         E        F      G
               +---------+---------+-------+---------+---------+-------+---------
         Total |       0 |      82 |   0.0 |       0 |      34 |   0.0 |  1511
               +---------+---------+-------+---------+---------+-------+---------
           D:1 |       0 |      48 |   0.0 |       0 |      22 |   0.0 |   977
           D:2 |       0 |      33 |   0.0 |       0 |      11 |   0.0 |   492
           D:3 |       0 |       1 |   0.0 |       0 |       1 |   0.0 |    42
               +---------+---------+-------+---------+---------+-------+---------
